 Dungeon Crawl Stone Soup version 0.31-a0-1388-g4b2ba238e7 (webtiles) character file.

Game seed: 14365645274000835288

77 MisterAzrael the Magician (level 4, -1/31 HPs)
             Began as a Djinni Fire Elementalist on Dec 25, 2023.
             Was a Follower of Cheibriados.
             Slain by Grinder (4 damage)
             ... on level 3 of the Dungeon.
             The game lasted 00:04:25 (2290 turns).

MisterAzrael the Magician (DjFE)                    Turns: 2290, Time: 00:04:26

Health: -1/31      AC:  2    Str: 12    XL:     4   Next: 58%
Gold:   179        EV: 12    Int: 19    God:    Cheibriados [*.....] SH:  0 Dex: 17

rFire   + + .        c - +0 trident
rCold   x . .        (no shield)
rNeg    . . .        a - +0 robe
rPois   ∞            (no helmet)
rElec   .            (no cloak)
rCorr   .            (no gloves)
SInv    .            (boots unavailable)
Will    .....        (no amulet)
Stlth   ++           (no ring)
HPRegen 0.25/turn    (no ring)
MPRegen 0.00/turn

%: infuse magic (-2 HP)
@: flying, very slightly contaminated, very slow
A: sickness immunity, fire resistance 2, cold vulnerability 1, float, innate
caster, HP casting, extra vitality 1
a: Renounce Religion, Bend Time


You were on level 3 of the Dungeon.
You worshipped Cheibriados.
Cheibriados was aware of your devotion.
You visited 1 branch of the dungeon, and saw 3 of its levels.

You collected 179 gold pieces.

Inventory:

Hand Weapons
 c - a +0 trident (weapon)
Armour
 a - a +0 robe (worn)
Scrolls
 b - a scroll of enchant weapon {unknown}
 e - 2 scrolls of teleportation {unknown}
 f - 2 scrolls of poison {unknown}
 g - a scroll of enchant armour {unknown}
 h - 2 scrolls of noise {unknown}
 i - a scroll of fog {unknown}
 k - a scroll of identify {unknown}
Potions
 d - a potion of haste {unknown}
 j - a potion of magic {unknown}
 l - a potion of might {unknown}
 m - a potion of curing {unknown}
 n - a potion of invisibility {unknown}


   Skills:
 + Level 0.1 Fighting
 + Level 0.1 Armour
 - Level 2.1 Dodging
 - Level 1.5 Stealth
 * Level 4.4 Spellcasting
 * Level 4.4 Conjurations
 * Level 4.4 Hexes
   Level 0.0 Charms
 * Level 4.4 Summonings
 * Level 4.4 Necromancy
 * Level 4.4 Translocations
   Level 0.0 Transmutations
 * Level 4.4 Fire Magic
 * Level 4.4 Ice Magic
 * Level 4.4 Air Magic
 * Level 4.4 Earth Magic
 * Level 4.4 Alchemy


You knew the following spells:

 Your Spells              Type           Power      Damage    Failure   Level
a - Foxfire               Conj/Fire      80%        2x1d8     2%          1
b - Scorch                Fire           40%        2d6       3%          2
c - Volatile Blastmotes   Fire/Tloc      40%        2d13      6%          3
d - Inner Flame           Hex/Fire       20%        N/A       6%          3
e - Flame Wave            Conj/Fire      20%        2d7       22%         4
f - Necrotise             Necr           80%        1d8       2%          1
Your spell library was empty.

Dungeon Overview and Level Annotations

Branches:
Dungeon (3/15)

Altars:
Cheibriados

Annotations:
D:3 Grinder


Innate Abilities, Weirdness & Mutations

You are immune to sickness and miasma.
You are immune to poison.
Your flesh is very heat resistant. (rF++)
You are vulnerable to cold. (rC-)
You float through the air rather than walking.
You learn spells naturally, not from books.
Your magical power is your life essence.
You have superior vitality. (+4 MHP)


Message History

No target in view!
No target in view!
You reach down and open the door.
There is an open door here.
You now have 179 gold pieces (gained 11).
Grinder comes into view.
Grinder is nearby!
Grinder gestures at you.
You suddenly lose the ability to move!
You can move again.
Casting: Foxfire (safe; 2% risk of failure)
Confirm with . or Enter, or press ? or * to list all spells.
Aiming: Inner Flame (dangerous; 6% risk of failure)
Press: ? - help, Dir - move target, f - Grinder
Aim: Grinder (chance to affect: 75%) Grinder is filled with an inner flame.
Casting: Inner Flame (dangerous; 6% risk of failure)
Confirm with . or Enter, or press ? or * to list all spells.
You miscast Scorch.
You are very lightly contaminated with residual magic.
Nothing appears to happen.
Grinder says, "DUCK!"
Grinder gestures at you.
You suddenly lose the ability to move!
Grinder says, "Are you a fish?" Grinder hits you.
You writhe in agony.
Grinder hits you.
You writhe in agony.
You can move again.
Grinder attacks as she pursues you! Grinder barely misses you.
Casting: Scorch (safe; 3% risk of failure)
Confirm with . or Enter, or press ? or * to list all spells.
Flames lash Grinder.
Flame seeps out of Grinder.
Grinder is lightly wounded.
Grinder's fire resistance burns away.
Grinder is engulfed in blazing flames.
Flame seeps out of Grinder.
Grinder hits you!
* * * LOW HITPOINT WARNING * * *
Grinder is engulfed in blazing flames.
Flame seeps out of Grinder.
Grinder attacks as she pursues you! Grinder hits you.
You die...
Grinder says, "Hey, I wasn't done torturing you yet!"

#.....#.#.# #.#####.#.#
#.# #.....# ..###.###'#
######## ###....####
#......# #
###'##♣~~##......# # #~~♣#
♣†'......# #
####~♣♣~♣#♣~#.########....
...#~ #♣~♣~♣##..@5○....#
####♣#♣~~~♣#♣#.........#
...##♣~♣~♣# ~#.........#
##..#~♣#♣~♣♣~#.........#
#..'~♣♣#♣~~##.........+
#..#♣~~♣##'##.........#
#..######.............#
##.#..#.#.#............#
........#>#########


You could see Grinder (inner flame, combustible).

Vanquished Creatures
  A worm (D:3)
  4 dart slugs
  12 ball pythons
  11 endoplasms
  2 giant cockroaches
  3 hobgoblins
  11 jackals
  A quokka (D:3)
  4 bats
  A frilled lizard (D:2)
  3 goblins (D:1)
  4 kobolds
  A rat (D:2)
58 creatures vanquished.

Vanquished Creatures (others)
  154 foxfires
154 creatures vanquished.

Grand Total: 212 creatures vanquished

Notes
Turn   | Place    | Note
-------+----------+-------------------------------------------
     0 | D:1      | MisterAzrael the Djinni Fire Elementalist began the quest
                  | for the Orb.
     0 | D:1      | MisterAzrael set off with the following spells memorised:
                  | Foxfire, Scorch, Volatile Blastmotes, Inner Flame, Flame
                  | Wave.
     0 | D:1      | Reached XP level 1. HP: 15/15 MP: 0/0
     8 | D:1      | Found a snail-covered altar of Cheibriados.
    72 | D:1      | Reached XP level 2. HP: 17/21 MP: 0/0
   546 | D:1      | Reached XP level 3. HP: 23/25 MP: 0/0
   546 | D:1      | Learned a level 1 spell: Necrotise
   849 | D:1      | Became a worshipper of Cheibriados the Contemplative
  1606 | D:2      | Reached XP level 4. HP: 30/31 MP: 0/0
  1851 | D:3      | Reached * piety under Cheibriados
  2279 | D:3      | Noticed Grinder
  2280 | D:3      | Paralysed by Grinder for 3 turns
  2284 | D:3      | Paralysed by Grinder for 4 turns
  2290 | D:3      | Slain by Grinder

Illustrated notes

Levels and vault maps discovered:
D:1:      dpeg_arrival_lava_altar, layout_basic, nrook_uturn, st_stairs_14
D:2:      layout_basic
D:3:      layout_basic, minmay_fountain_box, saegor_snake_ambush, uniq_grinder,
          uniq_crazy_yiuf_cottage

Skill      XL: |  1  2  3 |
---------------+----------+-----
Spellcasting   | 4 |  4.4
Conjurations   | 4 |  4.4
Hexes          | 4 |  4.4
Summonings     | 4 |  4.4
Necromancy     | 4 |  4.4
Translocations | 4 |  4.4
Fire Magic     | 4 |  4.4
Ice Magic      | 4 |  4.4
Air Magic      | 4 |  4.4
Earth Magic    | 4 |  4.4
Alchemy        | 4 |  4.4
Fighting       | |  0.1
Armour         | |  0.1
Dodging        | |  2.1
Stealth        | |  1.5

Action                     |  1- 3 |  4- 6 || total
---------------------------+-------+-------++-------
  Melee: Trident           |    10 |     3 ||    13
   Cast: Foxfire           |    60 |    35 ||    95
         Scorch            |    11 |     1 ||    12
         Inner Flame       |     7 |     1 ||     8
         Necrotise         |     1 |       ||     1
   Stab: Sleeping          |     1 |     2 ||     3
 Armour: Robe              |    20 |     8 ||    28
  Dodge: Dodged            |     9 |    16 ||    25

Table legend: (Time is in decaauts)
 A = Elapsed time spent in this place.
 B = Non-inter-level travel time spent in this place.
 C = Inter-level travel time spent in this place.
 D = Time resting spent in this place.
 E = Time spent auto-exploring this place.
 F = Levels seen in this place.
 G = Mean time per level.
                   A        B        C        D        E       F      G
               +--------+--------+--------+--------+--------+-----+--------+
         Total |   2621 |   2472 |    149 |    222 |   1876 |   3 |  873.7 |
       Dungeon |   2621 |   2472 |    149 |    222 |   1876 |   3 |  873.7 |
               +--------+--------+--------+--------+--------+-----+--------+

Top non-repeatable levels by time:
     D:2: 1150 daAuts
     D:1: 854 daAuts
     D:3: 616 daAuts
